 Dungeon Crawl Stone Soup version 0.26-a0-707-g31817bcca1 (webtiles) character file.

Game seed: 17611194504065247935

4691 Gargoyl the Fighter (level 10, 0/82 HPs)
             Began as a Gnoll Abyssal Knight on Oct 26, 2020.
             Was an Elder of Lugonu.
             Slain by an unseen horror (6 damage)
             ... on level 10 of the Dungeon.
             The game lasted 00:12:27 (11770 turns).

Gargoyl the Fighter (Gnoll Abyssal Knight)         Turns: 11770, Time: 00:12:28

Health: 0/82       AC: 19    Str: 15    XL:     10   Next: 44%
Magic:  17/17      EV:  5    Int: 14    God:    Lugonu [****..]
Gold:   542        SH: 10    Dex: 18    Spells: 19/19 levels left

rFire    . . .     SeeInvis .   r - +1 hand axe (elec)
rCold    . . .     Faith    .   z - +0 kite shield
rNeg     + . .     Spirit   .   x - +0 plate armour
rPois    .         Reflect  .   (no helmet)
rElec    .         Harm     .   (no cloak)
rCorr    .         Rampage  .   (no gloves)
MR       .....                  c - +1 pair of boots
Stlth    ..........             (no amulet)
HPRegen  0.23/turn              g - ring of positive energy
MPRegen  0.15/turn              b - +4 ring of protection

@: lethally poisoned (0 -> -1), about to teleport, hasted, very quick
A: distributed training, fangs 1, strong nose
a: Depart the Abyss, Bend Space, Banish, Corrupt, Renounce Religion


You were on level 10 of the Dungeon.
You worshipped Lugonu.
Lugonu was greatly pleased with you.
You visited 1 branch of the dungeon, and saw 10 of its levels.
You visited the Abyss 1 time.

You collected 542 gold pieces.

Inventory:

Hand Weapons
 a - a +2 hand axe
 r - a +1 hand axe of electrocution (weapon)
 v - a +3 antimagic hand axe
Missiles
 j - 19 poisoned darts (quivered)
Armour
 c - a +1 pair of boots (worn)
 x - a +0 plate armour (worn)
 z - a +0 kite shield (worn)
Jewellery
 b - a +4 ring of protection (right hand)
 g - a ring of positive energy (left hand)
 n - the ring "Xinoth" {Dex+4 SInv, unknown}
   (You found it on level 10 of the Dungeon)

   [ring of see invisible]

   It affects your dexterity (+4).
   It lets you see invisible.
 u - an uncursed ring of protection from cold
 y - an uncursed ring of ice
Wands
 h - a wand of iceblast (4)
 o - a wand of random effects (37)
 w - a wand of flame (38)
 D - a wand of digging (5)
Scrolls
 d - 2 scrolls of identify
 m - 2 scrolls of fear
 q - a scroll of teleportation
 s - 2 scrolls of fog
 A - 2 scrolls of remove curse
Potions
 e - a potion of haste
 f - a potion of cancellation
 i - 2 potions of magic
 k - a potion of berserk rage {unknown}
 l - 3 potions of stabbing
 p - 4 potions of might
 t - a potion of flight
 B - a potion of heal wounds {unknown}


   Skills:
 + Level 8.5 Fighting
 + Level 5.3 Short Blades
 + Level 5.3 Long Blades
 + Level 7.1 Axes
 + Level 5.3 Maces & Flails
 + Level 5.3 Polearms
 + Level 5.3 Staves
 + Level 5.3 Slings
 + Level 5.3 Bows
 + Level 5.3 Crossbows
 + Level 5.3 Throwing
 + Level 7.1 Armour
 + Level 5.9 Dodging
 + Level 5.3 Stealth
 + Level 5.3 Shields
 + Level 5.3 Unarmed Combat
 + Level 5.3 Spellcasting
 + Level 4.3 Conjurations
 + Level 4.3 Hexes
 + Level 4.3 Summonings
 + Level 4.3 Necromancy
 + Level 4.3 Translocations
 + Level 4.3 Transmutations
 + Level 4.3 Fire Magic
 + Level 4.3 Ice Magic
 + Level 4.3 Air Magic
 + Level 4.3 Earth Magic
 + Level 4.3 Poison Magic
 + Level 7.5 Invocations
 + Level 5.3 Evocations


You had 19 spell levels left.
You didn't know any spells.
Your spell library contained the following spells:

 Spells                   Type           Power        Failure   Level
 Beastly Appendage        Tmut           ###...       99%         1
 Magic Dart               Conj           ###.         99%         1
 Searing Ray              Conj           ###...       100%        2
 Wereblood                Tmut           ###.....     100%        2
 Dazzling Flash           Conj/Hex       ###...       100%        3
 Spider Form              Tmut/Pois      ###.......   100%        3
 Fulminant Prism          Conj/Hex       ###.......   100%        4
 Ice Form                 Ice/Tmut       ###.....     100%        4
 Iskenderun's Mystic Bla  Conj/Tloc      ###.....     100%        4
 Blade Hands              Tmut           ###.......   100%        5


Dungeon Overview and Level Annotations

Branches:
Dungeon (10/15)            Temple (0/1) D:4
   Lair: D:8-11         Orc: D:9-12

Altars:
Dithmenos
Gozag
Qazlal
Uskayaw
Wu Jian
The Shining One

Shops:
D:4 [

Annotations:
D:10 Snorg


Innate Abilities, Weirdness & Mutations

Your experience applies equally to all skills.
You have very sharp teeth.
Your uncanny sense of smell can sniff out nearby items.


Message History

Space bends around you!
You blink.
The yak bellows!
The yak gores you.
* * * LOW HITPOINT WARNING * * *
Unknown command.
You feel sick. You block the yak's attack.
The yak gores you but does no damage. You block the yak's attack.
You block something's attack.
Deactivating autopickup; reactivate with Ctrl-A.
The yak barely misses you. Something hits you but does no damage.
You feel sick. Something hits you but does no damage.
Something hits you but does no damage.
As you read the scroll of teleportation, it crumbles to dust.
You feel strangely unstable. Something hits you.
* * * LOW HITPOINT WARNING * * *
Something hits you but does no damage.
You feel sick. Something hits you.
You die...

#......# #......#
#......# #......#
#####..###########
....#............#
....#.......Y....#
....#........YY..#######
....#......TYY..@.......
....#.......Y...........
....#...................
....#...................
....#..#############....
....#.. .../ ....# ...
.#### .. .#


You could see Snorg (berserk) and 6 yaks.

Vanquished Creatures
  A two-headed ogre (D:9)
  Psyche (D:10)
  A troll (D:9)
  A yak (D:9)
  A black bear (D:8)
  A hornet zombie (D:8)
  An ice beast (D:5)
  2 orc warriors
  2 sky beasts
  3 ogres
  A phantom (D:9)
  3 centaurs
  A big kobold (D:10)
  A gnoll sergeant (D:9)
  6 bullfrogs
  A wyvern skeleton (D:9)
  A scorpion (D:7)
  2 killer bees (D:10)
  4 wights (D:6)
  A howler monkey (D:6)
  3 orc priests
  3 jellies
  10 orc wizards
  A centaur skeleton (D:10)
  6 hounds
  Jessica (D:3)
  An iguana (D:6)
  9 worker ants
  A hound zombie (D:6)
  A worker ant zombie (D:4)
  8 gnolls
  8 adders
  A howler monkey skeleton (D:10)
  A white imp (D:5)
  An ufetubus (D:5)
  An adder skeleton (D:8)
  2 worms
  The ghost of qipq the Sneak, a weakling OpDe (D:6)
  3 dart slugs (D:1)
  2 leopard geckos
  33 orcs
  12 bats
  4 giant cockroaches
  8 goblins
  4 hobgoblins
  19 jackals
  6 quokkas
  2 ball pythons (D:1)
  7 frilled lizards
  12 kobolds
  8 rats
214 creatures vanquished.

Notes
Turn   | Place    | Note
-------+----------+-------------------------------------------
     0 | Abyss:1  | Gargoyl the Gnoll Abyssal Knight began the quest for the
                  | Orb.
     0 | Abyss:1  | Reached XP level 1. HP: 23/23 MP: 3/3
    68 | Abyss:1  | Noticed a tentacled starspawn
    85 | Abyss:1  | Noticed a balrug
    86 | D:1      | Escaped the Abyss
   126 | D:1      | Reached * piety under Lugonu
   305 | D:1      | Reached XP level 2. HP: 29/29 MP: 5/5
   623 | D:1      | Reached XP level 3. HP: 35/35 MP: 6/6
  1145 | D:2      | Reached skill level 1 in Short Blades
  1145 | D:2      | Reached skill level 1 in Long Blades
  1145 | D:2      | Reached skill level 1 in Maces & Flails
  1145 | D:2      | Reached skill level 1 in Polearms
  1145 | D:2      | Reached skill level 1 in Staves
  1145 | D:2      | Reached skill level 1 in Slings
  1145 | D:2      | Reached skill level 1 in Bows
  1145 | D:2      | Reached skill level 1 in Crossbows
  1145 | D:2      | Reached skill level 1 in Throwing
  1145 | D:2      | Reached skill level 1 in Stealth
  1145 | D:2      | Reached skill level 1 in Shields
  1145 | D:2      | Reached skill level 1 in Unarmed Combat
  1145 | D:2      | Reached skill level 1 in Spellcasting
  1145 | D:2      | Reached skill level 1 in Evocations
  1145 | D:2      | Reached XP level 4. HP: 2/41 MP: 7/7
  1148 | D:2      | Reached ** piety under Lugonu
  1471 | D:2      | Reached skill level 1 in Conjurations
  1471 | D:2      | Reached skill level 1 in Hexes
  1471 | D:2      | Reached skill level 1 in Summonings
  1471 | D:2      | Reached skill level 1 in Necromancy
  1471 | D:2      | Reached skill level 1 in Translocations
  1471 | D:2      | Reached skill level 1 in Transmutations
  1471 | D:2      | Reached skill level 1 in Fire Magic
  1471 | D:2      | Reached skill level 1 in Ice Magic
  1471 | D:2      | Reached skill level 1 in Air Magic
  1471 | D:2      | Reached skill level 1 in Earth Magic
  1471 | D:2      | Reached skill level 1 in Poison Magic
  1478 | D:2      | Reached XP level 5. HP: 12/47 MP: 8/8
  2690 | D:3      | Noticed Jessica
  2696 | D:3      | Killed Jessica
  3484 | D:4      | Found Ciringac's Antique Armour Shoppe.
  3494 | D:4      | Reached skill level 5 in Invocations
  3494 | D:4      | Reached XP level 6. HP: 53/53 MP: 9/9
  3673 | D:4      | Found a staircase to the Ecumenical Temple.
  3728 | D:4      | Reached skill level 5 in Axes
  3728 | D:4      | Reached skill level 5 in Armour
  4420 | D:5      | Entered Level 5 of the Dungeon
  4422 | D:5      | Found a shadowy altar of Dithmenos.
  4431 | D:5      | Reached *** piety under Lugonu
  4581 | D:5      | Noticed an ice beast
  4589 | D:5      | Killed an ice beast
  4589 | D:5      | Reached skill level 7 in Fighting
  4589 | D:5      | Reached XP level 7. HP: 51/60 MP: 10/10
  4794 | D:5      | Got a jewelled long sword
  4795 | D:5      | Identified the cursed +1 long sword of Salt {drain, Int+7}
                  | (You found it on level 5 of the Dungeon)
  5087 | D:5      | Found an opulent altar of Gozag.
  5087 | D:5      | Found an ornate altar of the Wu Jian Council.
  5092 | D:5      | Found a stormy altar of Qazlal.
  5094 | D:5      | Found a glowing golden altar of the Shining One.
  5096 | D:5      | Found a hide-covered altar of Uskayaw.
  5616 | D:6      | Found a runed translucent door.
  5619 | D:6      | Noticed qipq's ghost (weakling OpDe)
  5668 | D:6      | Reached XP level 8. HP: 65/67 MP: 12/12
  5927 | D:6      | HP: 3/67 [acid (12)]
  6850 | D:6      | Reached **** piety under Lugonu
  7487 | D:6      | Killed qipq's ghost
  7589 | D:7      | Reached XP level 9. HP: 70/72 MP: 14/14
  8906 | D:8      | Reached skill level 5 in Dodging
  9623 | D:9      | Reached skill level 8 in Fighting
 10139 | D:9      | Noticed a troll
 10147 | D:9      | Killed a troll
 10257 | D:9      | Noticed a two-headed ogre
 10270 | D:9      | Killed a two-headed ogre
 10270 | D:9      | Reached XP level 10. HP: 42/80 MP: 15/17
 10603 | D:9      | Reached skill level 5 in Short Blades
 10603 | D:9      | Reached skill level 5 in Long Blades
 10603 | D:9      | Reached skill level 5 in Maces & Flails
 10603 | D:9      | Reached skill level 5 in Polearms
 10603 | D:9      | Reached skill level 5 in Staves
 10603 | D:9      | Reached skill level 5 in Slings
 10603 | D:9      | Reached skill level 5 in Bows
 10603 | D:9      | Reached skill level 5 in Crossbows
 10603 | D:9      | Reached skill level 5 in Throwing
 10603 | D:9      | Reached skill level 5 in Stealth
 10603 | D:9      | Reached skill level 5 in Shields
 10603 | D:9      | Reached skill level 5 in Unarmed Combat
 10603 | D:9      | Reached skill level 5 in Spellcasting
 10603 | D:9      | Reached skill level 5 in Evocations
 11239 | D:10     | Entered Level 10 of the Dungeon
 11509 | D:10     | Got a slimy jade ring
 11527 | D:10     | Noticed Psyche
 11542 | D:10     | Killed Psyche
 11725 | D:10     | Noticed Snorg
 11770 | D:10     | Slain by an unseen horror

Illustrated notes

Levels and vault maps discovered:
D:1:      dpeg_arrival_rooms_with_view, layout_basic, minmay_indecisive_spiral
D:2:      layout_basic
D:3:      layout_loops_cross, uniq_jessica
D:4:      layout_basic, temple_green, serial_shops, shop
D:5:      layout_loops_ring, chequers_temple_overflow_minitemple,
          old_standard_altar
D:6:      layout_basic, hellmonk_ghost_happy_afterlife
D:7:      layout_loops_cross, nicolae_benzene_ring
D:8:      layout_basic, kennysheep_generic_room_11
D:9:      layout_cave_pods, minmay_misc_feat_enclosed, kennysheep_generic_room_7
D:10:     layout_irregular_city, uniq_fannar, uniq_psyche, uniq_snorg

Skill      XL: |  1  2  3  4  5  6  7  8  9 10 |
---------------+-------------------------------+-----
Short Blades   | 1 2 3 4 5 |  5.3
Long Blades    | 1 2 3 4 5 |  5.3
Maces & Flails | 1 2 3 4 5 |  5.3
Polearms       | 1 2 3 4 5 |  5.3
Staves         | 1 2 3 4 5 |  5.3
Slings         | 1 2 3 4 5 |  5.3
Bows           | 1 2 3 4 5 |  5.3
Crossbows      | 1 2 3 4 5 |  5.3
Throwing       | 1 2 3 4 5 |  5.3
Stealth        | 1 2 3 4 5 |  5.3
Shields        | 1 2 3 4 5 |  5.3
Unarmed Combat | 1 2 3 4 5 |  5.3
Spellcasting   | 1 2 3 4 5 |  5.3
Evocations     | 1 2 3 4 5 |  5.3
Conjurations   | 1 2 3 4 |  4.3
Hexes          | 1 2 3 4 |  4.3
Summonings     | 1 2 3 4 |  4.3
Necromancy     | 1 2 3 4 |  4.3
Translocations | 1 2 3 4 |  4.3
Transmutations | 1 2 3 4 |  4.3
Fire Magic     | 1 2 3 4 |  4.3
Ice Magic      | 1 2 3 4 |  4.3
Air Magic      | 1 2 3 4 |  4.3
Earth Magic    | 1 2 3 4 |  4.3
Poison Magic   | 1 2 3 4 |  4.3
Dodging        | 3 4 5 |  5.9
Invocations    | 5 6 7 |  7.5
Axes           | 5 6 7 |  7.1
Armour         | 5 6 7 |  7.1
Fighting       | 7 8 |  8.5

Action                   |  1- 3 |  4- 6 |  7- 9 | 10-12 || total
-------------------------+-------+-------+-------+-------++-------
Melee: Hand axe          |    84 |    39 |    57 |   131 ||   311
       Bite              |     3 |    15 |    52 |    20 ||    90
       Glaive            |       |   117 |    42 |       ||   159
       Long sword        |       |       |   281 |       ||   281
       Punch             |       |       |     4 |     2 ||     6
Throw: Dart              |       |     8 |    21 |     8 ||    37
Invok: Depart the Abyss  |     1 |       |       |       ||     1
       Bend Space        |       |       |     1 |     1 ||     2
  Use: Potion            |     2 |       |       |     2 ||     4
       Scroll            |     5 |     6 |     9 |     2 ||    22
Armor: Leather armour    |    11 |       |       |       ||    11
       Ring mail         |     9 |   113 |       |       ||   122
       Chain mail        |       |    12 |   297 |       ||   309
       Plate armour      |       |       |     3 |   111 ||   114
Dodge: Dodged            |    59 |   181 |   235 |    41 ||   516
Block: Kite shield       |       |       |       |    56 ||    56
       Rpst.: Long sword |       |       |    48 |       ||    48

Table legend: (Time is in decaauts)
 A = Elapsed time spent in this place.
 B = Non-inter-level travel time spent in this place.
 C = Inter-level travel time spent in this place.
 D = Time resting spent in this place.
 E = Time spent auto-exploring this place.
 F = Levels seen in this place.
 G = Mean time per level.
                   A        B        C        D        E       F      G
               +--------+--------+--------+--------+--------+-----+--------+
         Total |  11911 |  11312 |    599 |   1912 |   7287 |  11 | 1082.8 |
       Dungeon |  11825 |  11226 |    599 |   1912 |   7234 |  10 | 1182.5 |
         Abyss |     86 |     86 |      0 |      0 |     53 |   1 |   86.0 |
               +--------+--------+--------+--------+--------+-----+--------+

Top non-repeatable levels by time:
     D:6: 2165 daAuts
     D:9: 1727 daAuts
     D:2: 1617 daAuts
     D:5: 1065 daAuts
     D:4: 1019 daAuts
     D:7: 988 daAuts
     D:8: 969 daAuts
     D:1: 946 daAuts
     D:3: 801 daAuts
    D:10: 524 daAuts
 Abyss:1: 86 daAuts
